 Dungeon Crawl Stone Soup version 0.26-a0-252-gb32a1a6195 (webtiles) character file.

Game seed: 15522378243155514161

303 BritishOli the Slasher (level 6, 47/47 HPs)
             Began as a Demonspawn Gladiator on July 9, 2020.
             Quit the game on level 2 of the Dungeon.
             The game lasted 00:03:32 (3708 turns).

BritishOli the Slasher (Demonspawn Gladiator)       Turns: 3708, Time: 00:03:33

Health: 47/47      AC:  4    Str: 16    XL:     6   Next: 15%
Magic:  6/6        EV: 13    Int: 10    God:
Gold:   158        SH:  4    Dex: 14    Spells: 5/5 levels left

rFire    . . .     SeeInvis .   a - +0 long sword
rCold    + + .     Faith    .   (no shield)
rNeg     . . .     Spirit   +   b - +0 leather armour
rPois    .         Reflect  .   c - +0 helmet
rElec    .         Harm     .   (no cloak)
rCorr    .                      (no gloves)
MR       .....                  (no boots)
Stlth    +.........             (no amulet)
HPRegen  0.15/turn              o - ring of protection from cold
MPRegen  0.10/turn              (no ring)

@: no status effects
A: large bone plates 1, cold resistance 1, magic shield, freezing cloud immunity
a: no special abilities


You were on level 2 of the Dungeon.
You were not hungry.

You visited 1 branch of the dungeon, and saw 4 of its levels.

You collected 158 gold pieces.

Inventory:

Hand Weapons
 a - a +0 long sword (weapon)
Missiles
 d - 3 throwing nets (quivered)
Armour
 b - a +0 leather armour (worn)
 c - a +0 helmet (worn)
Jewellery
 o - a ring of protection from cold (left hand)
Wands
 l - a wand of acid (5)
Scrolls
 e - 2 scrolls of remove curse {unknown}
 g - 7 scrolls of identify {unknown}
 h - 2 scrolls of teleportation {unknown}
 i - a scroll of fear {unknown}
 j - a scroll of fog {unknown}
 m - a scroll of blinking {unknown}
 p - a scroll of amnesia {unknown}
Potions
 k - 2 potions of curing {unknown}
 n - a potion of lignification {unknown}
 q - 2 potions of cancellation {unknown}
 r - 2 potions of stabbing {unknown}
 s - a potion of degeneration {unknown}
Comestibles
 f - 9 rations


   Skills:
 + Level 3.4 Fighting
 + Level 3.6 Long Blades
 + Level 3.0 Throwing
 + Level 2.2 Armour
 + Level 3.6 Dodging


You had 5 spell levels left.
You didn't know any spells.
Your spell library was empty.

Dungeon Overview and Level Annotations

Branches:
Dungeon (4/15)
 Temple: D:4-7

Altars:


Innate Abilities, Weirdness & Mutations

You are partially covered in large bone plates. (SH +4)
Your flesh is cold resistant. (rC+)
When hurt, damage is shared between your health and your magic reserves.
You are immune to freezing clouds.


Message History

The orc wizard is heavily wounded.
The orc wizard hits you with a +5 dagger.
The orc wizard misses you.
You hit the orc wizard.
The orc wizard is heavily wounded.
The orc wizard hits you but does no damage.
The orc wizard closely misses you.
You hit the orc wizard.
The orc wizard is severely wounded.
The orc wizard hits you with a +5 dagger.
You block the orc wizard's attack.
You hit the orc wizard.
You kill the orc wizard!
Your Throwing skill increases to level 3!
No target in view!
No target in view!
Magic restored.
Things that are here:
a +5 dagger; a +0 robe; an orc corpse Are you sure you want to abandon this character and quit the game? (Confirm with "yes".)

##### #.# #.# #.# #.# ....#
#.# #.###.# #o# ....#
#.###.....####o#
....######.#............#
##....................##.#
.#..####.##.#.........##.#
##..# #.##.#.........##.#
#†.# #.##.#.........##.#
#..# #.##.##..@.....)..#
##..####.##.##.#.###.#######
............##).............
###.#..#.#..##........######
#.........##..........
###..#.#..##).[..#..###
###..#...............
###.#..###.###.#.###..##
...)...........#.# #..#


There were no monsters in sight!

Vanquished Creatures
  A bullfrog (D:3)
  An orc priest (D:2)
  An orc wizard (D:2)
  4 adders
  4 gnolls (D:2)
  3 oozes
  4 dart slugs
  4 orcs
  2 giant cockroaches (D:2)
  10 goblins
  10 hobgoblins
  6 jackals (D:1)
  4 kobolds
  3 bats
  8 frilled lizards
  11 rats
76 creatures vanquished.

Vanquished Creatures (others)
  An orc wizard (D:2)
1 creature vanquished.

Grand Total: 77 creatures vanquished

Notes
Turn   | Place    | Note
-------+----------+-------------------------------------------
     0 | D:1      | BritishOli the Demonspawn Gladiator began the quest for the
                  | Orb.
     0 | D:1      | Reached XP level 1. HP: 16/16 MP: 1/1
    98 | D:1      | Gained mutation: Your flesh is cold resistant. (rC+)
                  | [demonic ancestry]
    98 | D:1      | Reached XP level 2. HP: 19/22 MP: 2/2
   478 | D:1      | Reached XP level 3. HP: 28/28 MP: 3/3
   842 | D:1      | Reached skill level 1 in Armour
  1211 | D:2      | Gained mutation: You are partially covered in large bone
                  | plates. (SH +4) [demonic ancestry]
  1211 | D:2      | Reached XP level 4. HP: 11/34 MP: 4/4
  2178 | D:3      | Gained mutation: You are immune to freezing clouds.
                  | [demonic ancestry]
  2178 | D:3      | Reached XP level 5. HP: 40/40 MP: 5/5
  3577 | D:2      | Gained mutation: When hurt, damage is shared between your
                  | health and your magic reserves. [demonic ancestry]
  3577 | D:2      | Reached XP level 6. HP: 42/47 MP: 6/6
  3708 | D:2      | Quit the game

Illustrated notes

Levels and vault maps discovered:
D:1:      minmay_arrival_stone_box, layout_loops_ring
D:2:      layout_basic, minmay_goblin_kobold_house
D:3:      layout_basic
D:4:      layout_cave_pools, nicolae_dithmenos_shadow_blocks,
          minmay_temple_entry_stoned_glass, first_ration

Skill      XL: |  1  2  3  4  5  6 |
---------------+-------------------+-----
Throwing       | 2 3 |  3.0
Long Blades    | 3 |  3.6
Dodging        | 3 |  3.6
Armour         | 1 2 |  2.2
Fighting       | 3 |  3.4

Action                   |  1- 3 |  4- 6 || total
-------------------------+-------+-------++-------
Melee: Long sword        |    90 |   154 ||   244
  Eat: Ration            |     1 |     2 ||     3
Armor: Leather armour    |    20 |    32 ||    52
Dodge: Dodged            |    59 |   116 ||   175
Block: Other             |       |    23 ||    23
       Rpst.: Long sword |    22 |    40 ||    62

Table legend:
 A = Non-vault XP
 B = Vault XP
 C = Vault XP percentage of total XP
 D = Non-vault monster count
 E = Vault monster count
 F = Vault count percentage of total count
                 A         B        C        D         E       F
            +---------+---------+-------+---------+---------+-------
      Total |     424 |      10 |   2.3 |      72 |       5 |   6.5
            +---------+---------+-------+---------+---------+-------
        D:1 |      59 |       0 |   0.0 |      27 |       0 |   0.0
        D:2 |     214 |      10 |   4.5 |      26 |       5 |  16.1
        D:3 |     151 |       0 |   0.0 |      19 |       0 |   0.0
            +---------+---------+-------+---------+---------+-------
